[Event "Metz op 31th"]
[Site "Metz"]
[Date "2013.04.21"]
[Round "3"]
[White "Maiorov, Nikita"]
[Black "Dgebuadze, Alexandre"]
[Result "1-0"]
[ECO "A84"]
[WhiteElo "2535"]
[BlackElo "2515"]
[Annotator "Metz Alekhine/Primel,D"]
[PlyCount "21"]
[EventDate "2013.04.20"]
[EventType "swiss"]
[EventRounds "9"]
[EventCountry "FRA"]
[SourceTitle "EXT 2016"]
[Source "ChessBase"]
[SourceDate "2015.10.08"]
[SourceVersion "1"]
[SourceVersionDate "2015.10.08"]
[SourceQuality "1"]
[TimeControl "40/5400:1800+30"]
[WhiteClock "1:30:00"]
[BlackClock "1:30:00"]

1. d4 e6 2. c4 d5 3. Nf3 c6 4. e3 f5 5. Bd3 Bd6 6. O-O {85} Nh6 $5 {Une ligne
secondaire} (6... Nf6 7. b3 Qe7 8. Ne5 (8. Bb2) 8... O-O 9. Bb2
Bd7 10. Nc3 Be8 11. cxd5 cxd5 12. Rc1 Nc6 13. Nb5 Bb4 14. a3 Ba5 15. Be2 a6 16.
Nc3 Ne4 17. b4 Bc7 18. Nxe4 fxe4 19. Qb3 Bxe5 20. dxe5 Qg5 21. Kh1 Bh5 22. f3
Qh6 23. Rce1 exf3 24. gxf3 Rf7 25. Bc1 Bg6 26. e4 Qh3 27. exd5 Nd4 28. Qd1 Nxe2
29. Qxe2 Bh5 30. Kg1 Bxf3 31. Qf2 Qg4+ 32. Qg3 Qxg3+ 33. hxg3 Bxd5 34. Be3 a5
35. b5 a4 36. Rxf7 {Aronian,L (2813)-Tomashevsky,E (2706) Tromsoe 2013 0-1}) 7.
b3 O-O (7... Qe7 8. Bb2 (8. a4 )) 8. Ba3 Bxa3 9.
Nxa3 Nd7 10. Rc1 $146 (10. Ne5 Nxe5 11. dxe5 Ng4 12. Be2 Nxe5 13. Qd4 Nf7 14.
Rfd1 Qe7 15. Nc2 Bd7 16. Rac1 Be8 17. f4 c5 18. Qc3 Rd8 19. Ne1 b6 20. Nf3 Bc6
21. Ne5 Qf6 22. Nxc6 {1-0 (22) Dalo,H (2130)-Perez Mitjans,O (2504) Sabadell
2012}) 10... Nf6 11. Nb1 {[%cal Gb1c3] suite illisible et gain Blanc au 58ème
coup} (11. Nc2 ) 1-0

[Event "Sautron op 16th"]
[Site "Sautron"]
[Date "2016.10.22"]
[Round "3.4"]
[White "Delorme, Alban"]
[Black "Ider, Borya"]
[Result "0-1"]
[ECO "A84"]
[WhiteElo "2316"]
[BlackElo "2463"]
[Annotator "RR"]
[PlyCount "88"]
[EventDate "2016.10.22"]
[EventType "swiss"]
[EventRounds "9"]
[EventCountry "FRA"]
[SourceTitle "EXT 2019"]
[Source "ChessBase"]
[SourceDate "2018.10.10"]
[SourceVersion "1"]
[SourceVersionDate "2018.10.10"]
[SourceQuality "1"]
[TimeControl "40/5400+30:1800+30"]
[WhiteClock "1:00:09"]
[BlackClock "1:28:14"]

1. d4 e6 2. Nf3 d5 3. e3 Nf6 4. Be2 Bd6 (4... c5 5. O-O Nc6) 5. O-O Nbd7 6. b3 Qe7 $5 (6... O-O) 7. Bb2 Ne4 {[%emt 0:01:36] Une nouveauté dans cet ordre de coups mais en
fait, c'est une simple transposition} 8. c4 c6 9. Nbd2 f5 10. Ne5 O-O 11. f4 (11. f3 Nxd2 12. Qxd2 Nf6 13. c5 Bc7
14. b4 Bd7 15. a4 Be8 16. b5 Nd7 17. f4 Nf6 18. Bd3 Ne4 19. Qe2 Bxe5 20. fxe5
Ng5 21. Ba3 Bg6 22. a5 Ne4 23. Bb4 Rab8 24. a6 Qg5 25. Bxe4 dxe4 26. b6 Bh5 27.
Qf2 bxa6 28. Rxa6 Bf3 29. bxa7 Ra8 30. Bd2 Qg4 31. h3 Qg6 32. Kh2 Bh5 33. g4
Bxg4 34. hxg4 Qxg4 35. Qg2 Qh5+ 36. Kg1 g5 37. Kf2 Rf7 38. Rxc6 Raxa7 39. d5 f4
40. exf4 Rxf4+ {Gelfand,B (2685)-Kortschnoj,V (2575) Tilburg 1992 0-1}) 11...
Ndf6 12. c5 Bc7 13. b4 Nxd2 $146 (13... g5 14. a4
Bd7 15. Nxe4 Nxe4 16. Qc2 Be8 17. Bc3 Rf6 18. Bd3 Rh6 19. Bxe4 dxe4 20. Qf2 Rd8
21. Rab1 a6 22. fxg5 Qxg5 23. Qf4 Qg7 24. Rb2 Rh5 25. Be1 Rd5 26. Bg3 Bxe5 27.
dxe5 Rg5 28. Qf2 Qd7 29. Bf4 Rg7 30. Bh6 Rg4 31. Bf4 Bh5 32. Bg3 Rg7 33. Kh1
Rd1 34. Kg1 Rd3 35. a5 Bd1 36. Kh1 Ba4 37. Kg1 Bb5 38. Re1 Qd5 39. Bf4 Qc4 40.
Bh6 Rg6 41. Bf4 Ba4 42. Qh4 Rd7 43. Qf2 {Petraki,M (2055)-Markovic,G (2230)
Pula 1990 0-1}) 14. Qxd2 Ne4 15. Qc2 Bd7 (15... Bxe5 16. dxe5 Bd7
) 16. Bf3 Be8 17. Bxe4 (17.
a4) 17... fxe4 18. g4 $6 {[%emt 0:00:30] Joué quasiment à
tempo mais c'est un affaiblissement de l'aile-roi alors que la structure à
l'aile-dame est favorable aux Blancs} (18. a4 $142 a6 19. Bc3 Bh5 20. b5 axb5
21. axb5 Rxa1 (21... cxb5 22. Qb2) 22. Rxa1) 18... h5 $1 19.
g5 (19. h3 Qh4) 19... Bxe5 20. dxe5 Qf7 21. Bd4 Qf5
$132 22. Qf2 Kh7 23. Qg3 Kg6 24. h4 $2 {[%emt 0:00:06][%csl Rg1] Un
nouveau coup joué à tempo qui va bloquer la Qg3 en défense de l'aile-roi} (
24. a4 ) (24. Rfb1 a6 25. a4) 24... Bd7 25. Rfb1 {[%emt 0:01:27] (=)} Rfb8 $1 26. a4 b6 27. a5 bxa5 28. Rxa5 (28. bxa5 Bc8 ) 28... a6 29. Bc3 Bc8 30. Kh2 Rb5 31. Qh3 Qf7 32. Qf1 Rab8 33. Rxb5 Rxb5 34. Qe1 Qf5 35. Qg1 a5 $1 $36 {[%emt 0:00:12][%csl Rh2,Rh4][%cal Gb5c5,Gb5b1,Gf5g4] Sans surprise,
les faiblesses de l'aile-roi commencent à payer} 36. Qd1 Ba6 37. bxa5 Rxc5 38. Be1 Bf1 $40 39. Qd2 Qh3+ 40. Kg1 Bd3 41. Rc1 $2 Rxc1 42. Qxc1 Qf1+ 43. Kh2 Kf5 44. Bd2 Qf2+ 0-1